 Dungeon Sprint DCSS version 0.26-a0-690-gcb57259078 (webtiles) character file.

Game seed: 9639556077621084824

112630428 mhtbhm the Conqueror (level 23, 94/240 HPs)
             Began as a Minotaur Berserker on Oct 24, 2020.
             Was the Champion of Trog.
             Escaped with the Orb
             ... and 17 runes!
             The game lasted 00:55:34 (16215 turns).

mhtbhm the Conqueror (Minotaur Berserker)          Turns: 16215, Time: 00:55:34

Health: 94/240     AC: 42    Str: 28    XL:     23   Next: 87%
Magic:  24/24      EV: 24    Int:  1    God:    Trog [******]
Gold:   272        SH:  0    Dex: 18    Spells: 25/25 levels left

rFire    + + +     SeeInvis .   a - +10 executioner's axe of Dim Light {vorpal, rN+ Dex+2}
rCold    + + +     Faith    .   (shield currently unavailable)
rNeg     + + +     Spirit   .   b - +5 gold dragon scales
rPois    +         Reflect  .   (helmet restricted)
rElec    +         Harm     .   k - +1 cloak
rCorr    .         Rampage  .   r - +2 pair of gloves
MR       ++...     NoTele   +   q - +1 pair of boots
Stlth    ++........             L - amulet "Detuff" {RegenMP +Blink rPois rF+++ Str-3}
HPRegen  0.50/turn              F - ring of the Sun {rElec rN+}
MPRegen  0.44/turn              M - ring "Doyniagivy" {rC+++ rN+ Int-3 Dex+3 Stlth+}

@: marked
A: retaliatory headbutt, horns 2, blurry vision 1, magic resistance 1, strong 1
0: Orb of Zot
}: 17/17 runes: decaying, serpentine, barnacled, slimy, elven, silver, golden,
iron, obsidian, icy, bone, abyssal, glowing, magical, fiery, dark, gossamer
a: Berserk, Trog's Hand, Brothers in Arms, Renounce Religion, Evoke Blink


You escaped.
You worshipped Trog.
Trog was exalted by your worship.
You visited 1 branch You collected 1976 gold pieces.
You spent 1704 gold pieces at shops.

Inventory:

Hand Weapons
 a - the +10 executioner's axe of Dim Light (weapon) {vorpal, rN+ Dex+2}
   (Trog gifted it to you in the Dungeon)

   It inflicts extra damage upon your enemies.
   It affects your dexterity (+2).
   It protects you from negative energy.
 m - a +5 broad axe of flaming
 s - a +7 antimagic eveningstar
 w - a +0 dagger
 x - the +5 broad axe "Lorediv" {venom, rPois Str+5 Int-2}
   (You found it in the Dungeon)

   It poisons the flesh of those it strikes.
   It affects your strength (+5).
   It affects your intelligence (-2).
   It protects you from poison.
 B - a +4 trishula of holy wrath
Missiles
 C - 25 silver javelins (quivered)
 D - 29 javelins
Armour
 b - +5 gold dragon scales (worn)
 k - a +1 cloak (worn)
 l - a +5 tower shield
 q - a +1 pair of boots (worn)
 r - a +2 pair of gloves (worn)
Jewellery
 F - the ring of the Sun (left hand) {rElec rN+}
   (You found it in the Dungeon)

   [ring of positive energy]

   It insulates you from electricity.
   It protects you from negative energy.
 K - the ring "Ocwaos" {rC+++ Str+3 Dex-4}
   (You found it in the Dungeon)

   [ring of strength]

   It affects your strength (+3).
   It affects your dexterity (-4).
   It renders you almost immune to cold.
 L - the amulet "Detuff" (around neck) {RegenMP +Blink rPois rF+++ Str-3}
   (You found it in the Dungeon)

   [amulet of magic regeneration]

   It increases your magic regeneration.
   It affects your strength (-3).
   It renders you almost immune to fire.
   It protects you from poison.
   It lets you blink.
 M - the ring "Doyniagivy" (right hand) {rC+++ rN+ Int-3 Dex+3 Stlth+}
   (You found it in the Dungeon)

   [ring of dexterity]

   It affects your intelligence (-3).
   It affects your dexterity (+3).
   It renders you almost immune to cold.
   It protects you from negative energy.
   It makes you more stealthy.
 N - the amulet "Vemoroq" {Regen+ Str+3}
   (You found it in the Dungeon)

   [amulet of regeneration]

   It affects your strength (+3).
   It increases your rate of regeneration.
Wands
 j - a wand of iceblast (8)
 G - a wand of acid (7)
Scrolls
 h - a scroll of blinking
 i - 5 scrolls of remove curse
 n - 4 scrolls of fog
 o - 5 scrolls of fear
 p - a scroll of immolation
 E - 5 scrolls of identify
Potions
 c - 6 potions of haste
 e - 4 potions of curing
 f - 9 potions of magic
 g - 5 potions of berserk rage
 t - a potion of invisibility
 u - a potion of resistance
 v - 2 potions of stabbing
 z - 3 potions of might
Miscellaneous
 y - the horn of Geryon


   Skills:
 O Level 27 Fighting
 O Level 27 Short Blades
 O Level 27 Axes
 O Level 27 Maces & Flails
 O Level 27 Polearms
 O Level 27 Throwing
 O Level 27 Armour
 O Level 27 Dodging
 O Level 27 Stealth
 O Level 27 Shields
 O Level 27 Unarmed Combat
 - Level 1.5 Spellcasting
 O Level 27 Evocations


You had 25 spell levels left.
You didn't know any spells.
Your spell library was empty.

Dungeon Overview and Level Annotations

Branches:
Dungeon (1/1)

Altars:
Cheibriados
Dithmenos
Elyvilon
Fedhas
Gozag
Hepliaklqana
Kikubaaqudgha
Makhleb
Nemelex Xobeh
Okawaru
Qazlal
Ru
Sif Muna
Trog
Uskayaw
Vehumet
Wu Jian
Xom
Yredelemnul
Zin
The Shining One
Beogh
Jiyva
Lugonu

Shops:
D !:::


Innate Abilities, Weirdness & Mutations

You reflexively headbutt those who attack you in melee.
You have a pair of horns on your head.
Scrolls take you a little longer to read.
You are resistant to hostile enchantments. (MR+)
Your muscles are strong. (Str +2)


Message History

You feel very sick.
Things that are here:
a +0 mace; a +0 robe; a +0 dagger You feel very sick.
There is an open door here.
You feel sick.
You feel sick.
You feel yourself speed up.
You feel sick.
You feel sick.
You feel sick.
You feel sick.
There is an open door to the Dungeon here.
You feel sick.
You feel sick.
Unknown command.
You feel better.
Unknown command.
There is a staircase leading out of the dungeon here.
You have escaped!

▓▓▓▓▓▓▓▓▓▓▓▓▓▓▓▓▓▓
▓@▓...▓...▓...▓...
▓.▓.▓.▓.▓.▓.▓.▓.▓.
▓.▓.▓.▓.▓.▓.▓.▓.▓.
▓.▓.▓.▓.▓.▓.▓.▓.▓.
▓'▓.▓.▓.▓.▓.▓.▓.▓.
▓.▓.▓.▓.▓.▓.▓.▓.▓.
▓.▓.▓.▓.▓.▓.▓.▓.▓.
▓.▓.▓'▓.▓.▓.▓.▓.▓.
▓.▓.▓.▓.▓.▓.▓)▓)▓.


There were no monsters in sight!

Vanquished Creatures
  Cerebov (D)
  Antaeus (D)
  Asmodeus (D)
  Gloorx Vloq (D)
  the Royal Jelly (D)
  Ereshkigal (D)
  Lom Lobon (D)
  2 seraphim (D)
  Mnoleg (D)
  7 ancient liches (D)
  3 orbs of fire (D)
  Dispater (D)
  Mara (D)
  Mennas (D)
  2 pandemonium lords (D)
  5 greater mummies (D)
  Margery (D)
  Saint Roka (D)
  Xtahua (D)
  Geryon (D)
  6 golden dragons (D)
  A profane servitor (D)
  A Brimstone Fiend (D)
  2 electric golems (D)
  4 Tzitzimimeh (D)
  3 bone dragons (D)
  4 liches (D)
  2 Ice Fiends (D)
  6 tentacled monstrosities (D)
  Rupert (D)
  A Hell Sentinel (D)
  8 acid blobs (D)
  3 quicksilver dragons (D)
  39 Orb Guardians (D)
  A deep elf master archer (D)
  3 deep elf blademasters (D)
  2 Executioners (D)
  12 sphinxes (D)
  3 death cobs (D)
  3 storm dragons (D)
  2 thorn hunters (D)
  6 shadow dragons (D)
  Donald (D)
  A draconian monk (D)
  2 azure jellies (D)
  3 warmongers (D)
  3 daevas (D)
  5 nagarajas (D)
  Ilsuiw (D)
  3 fire giants (D)
  A draconian knight (D)
  7 emperor scorpions (D)
  3 deep elf sorcerers (D)
  3 vault wardens (D)
  Louise (D)
  3 frost giants (D)
  3 draconian scorchers (D)
  A draconian shifter (D)
  3 ghost moths (D)
  5 balrugs (D)
  A cacodemon (D)
  2 very ugly things (D)
  An angel (D)
  4 ironheart preservers (D)
  2 blood saints (D)
  A draconian stormcaller (D)
  2 draconian annihilators (D)
  3 reapers (D)
  2 black suns (D)
  4 stone giants (D)
  Nessos (D)
  7 vampire knights (D)
  2 red draconians (D)
  2 deep elf demonologists (D)
  A corrupter (D)
  A black draconian (D)
  Azrael (D)
  A green draconian (D)
  A lorocyproca (D)
  3 deep elf annihilators (D)
  4 yellow draconians (D)
  4 white draconians (D)
  A blizzard demon (D)
  4 purple draconians (D)
  3 ettins (D)
  7 death oozes (D)
  5 merfolk javelineers (D)
  5 mummy priests (D)
  A merfolk impaler (D)
  A green death (D)
  Snorg (D)
  3 fire dragons (D)
  A fire dragon (shapeshifter) (D)
  2 deep elf death magi (D)
  2 great orbs of eyes (D)
  2 yaktaur captains (D)
  25 vault guards (D)
  3 naga warriors (D)
  3 monstrous demonspawn (D)
  A shambling mangrove (D)
  8 hydras (D)
  3 rakshasas (D)
  4 hell beasts (D)
  3 ice dragons (D)
  5 ogre magi (D)
  5 centaur warriors (D)
  2 anacondas (D)
  3 merfolk avatars (D)
  4 merfolk aquamancers (D)
  A death knight (D)
  2 deep troll shamans (D)
  A two-headed ogre (D)
  An alligator (D)
  A death yak (D)
  A dancing weapon (D)
  6 orc high priests (D)
  A vampire mage (D)
  A spriggan berserker (D)
  2 tengu warriors (D)
  A deep troll earth mage (D)
  A shock serpent (D)
  2 naga sharpshooters (D)
  7 sun demons (D)
  A thrashing horror (D)
  4 sixfirhies (D)
  A salamander mystic (D)
  3 hell knights (D)
  2 sea snakes (D)
  2 shadow demons (D)
  A spriggan druid (D)
  3 infernal demonspawn (D)
  A wizard (D)
  A glowing orange brain (D)
  6 swamp dragons (D)
  A naga ritualist (D)
  2 gelid demonspawn (D)
  3 ironbrand convokers (D)
  2 orc knights (D)
  5 necromancers (D)
  2 orb spiders (D)
  A deep elf mage (D)
  4 wolf spiders (D)
  3 ugly things (D)
  An orc sorcerer (D)
  8 moths of wrath (D)
  A merfolk siren (D)
  3 rust devils (D)
  2 toenail golems (D)
  A guardian serpent (D)
  3 smoke demons (D)
  4 naga magi (D)
  A black mamba (D)
  A gargoyle (D)
  A water nymph (D)
  3 orange demons (D)
  A rime drake (D)
  A yaktaur (D)
  2 demonic crawlers (D)
  A komodo dragon (D)
  A hellwing (D)
  2 tormentors (D)
  An ice devil (D)
  11 red devils (D)
  A wandering mushroom (D)
  18 guardian mummies (D)
  2 jumping spiders (D)
  A wind drake (D)
  2 merfolk (D)
  4 trolls (D)
  2 hornets (D)
  A slime creature (D)
  A polar bear (shapeshifter) (D)
  2 blink frogs (D)
  A shadow (D)
  A ynoxinul (D)
  7 large abominations (D)
  11 spriggans (D)
  3 tarantellas (D)
  Grum (D)
  A wyvern (D)
  2 golden eyes (D)
  3 yaks (D)
  A vampire mosquito (D)
  A chaos spawn (D)
  2 fire elementals (D)
  5 wargs (D)
  An acid dragon (D)
  5 hell hounds (D)
  2 nagas (D)
  3 floating eyes (D)
  3 water moccasins (D)
  A swamp drake (D)
  10 orc warriors (D)
  A black bear (D)
  6 wolves (D)
  An eye of draining (D)
  2 centaurs (D)
  A big kobold (D)
  5 bullfrogs (D)
  A killer bee (D)
  11 orc priests (D)
  7 orc wizards (D)
  A worker ant (D)
  4 small abominations (D)
  2 adders (D)
  A white imp (D)
  3 ball lightnings (D)
  A leopard gecko (D)
  9 orcs (D)
  A bat zombie (D)
  A hobgoblin (D)
  4 bats (D)
  A kobold (D)
  A leopard gecko skeleton (D)
640 creatures vanquished.

Vanquished Creatures (collateral kills)
  A shadow dragon (D)
  An ironheart preserver (D)
  A blood saint (D)
  A yaktaur captain (D)
  A rakshasa (D)
  An ogre mage (D)
  An ironbrand convoker (D)
  An ugly thing (D)
  A freezing wraith (D)
9 creatures vanquished.

Vanquished Creatures (others)
  A lich (D)
  A pandemonium lord (D)
  A spriggan berserker (D)
  An orc warrior (D)
  3 ball lightnings (D)
7 creatures vanquished.

Grand Total: 656 creatures vanquished

Notes
Turn   | Place    | Note
-------+----------+-------------------------------------------
     0 | D        | mhtbhm the Minotaur Berserker began the quest for the Orb.
     0 | D        | Reached XP level 1. HP: 19/19 MP: 0/0
     9 | D        | Reached ** piety under Trog
    47 | D        | Noticed a worker ant
    47 | D        | Noticed an orc wizard
    56 | D        | Killed a worker ant
    56 | D        | Reached skill level 5 in Fighting
    56 | D        | Reached skill level 5 in Axes
    56 | D        | Reached XP level 2. HP: 30/30 MP: 1/1
    56 | D        | Reached XP level 3. HP: 37/37 MP: 2/2
    58 | D        | Reached *** piety under Trog
    67 | D        | Reached **** piety under Trog
    67 | D        | Reached XP level 4. HP: 45/45 MP: 3/3
   103 | D        | Found a roughly hewn altar of Beogh.
   103 | D        | Found a snail-covered altar of Cheibriados.
   103 | D        | Found a shadowy altar of Dithmenos.
   103 | D        | Found a white marble altar of Elyvilon.
   103 | D        | Found a blossoming altar of Fedhas.
   103 | D        | Found an opulent altar of Gozag.
   104 | D        | Found a hazy altar of Hepliaklqana.
   105 | D        | Found a viscous altar of Jiyva.
   106 | D        | Found an ancient bone altar of Kikubaaqudgha.
   107 | D        | Found a corrupted altar of Lugonu.
   108 | D        | Found a burning altar of Makhleb.
   109 | D        | Found a sparkling altar of Nemelex Xobeh.
   110 | D        | Found an iron altar of Okawaru.
   111 | D        | Found a stormy altar of Qazlal.
   112 | D        | Found a sacrificial altar of Ru.
   113 | D        | Found a shimmering blue altar of Sif Muna.
   114 | D        | Found a bloodstained altar of Trog.
   115 | D        | Found a hide-covered altar of Uskayaw.
   116 | D        | Found a radiant altar of Vehumet.
   117 | D        | Found an ornate altar of the Wu Jian Council.
   118 | D        | Found a shimmering altar of Xom.
   119 | D        | Found a basalt altar of Yredelemnul.
   120 | D        | Found a glowing silver altar of Zin.
   121 | D        | Found a glowing golden altar of the Shining One.
   168 | D        | Noticed a two-headed ogre
   168 | D        | Noticed an orc warrior
   168 | D        | Noticed a centaur
   168 | D        | Noticed a centaur
   174 | D        | Killed a two-headed ogre
   174 | D        | Reached XP level 5. HP: 12/61 MP: 4/4
   174 | D        | Reached XP level 6. HP: 13/68 MP: 5/5
   174 | D        | Reached XP level 7. HP: 15/74 MP: 6/6
   184 | D        | Reached ***** piety under Trog
   394 | D        | Noticed a troll
   394 | D        | Noticed a centaur warrior
   394 | D        | Noticed a troll
   399 | D        | Killed a troll
   399 | D        | Reached skill level 1 in Stealth
   399 | D        | Reached XP level 8. HP: 85/85 MP: 7/7
   404 | D        | Killed a centaur warrior
   404 | D        | Reached skill level 15 in Axes
   405 | D        | Received a gift from Trog
   409 | D        | Killed a troll
   409 | D        | Reached XP level 9. HP: 93/93 MP: 8/8
   726 | D        | Noticed a rime drake
   726 | D        | Noticed an eight-headed hydra
   730 | D        | Killed a rime drake
   733 | D        | Killed a ten-headed hydra
   743 | D        | Reached ****** piety under Trog
   828 | D        | Noticed a death yak
   832 | D        | Reached XP level 10. HP: 104/104 MP: 9/9
   834 | D        | Reached skill level 15 in Fighting
   834 | D        | Reached skill level 10 in Armour
   837 | D        | Noticed a black mamba
   843 | D        | Killed a death yak
   851 | D        | Received a gift from Trog
   853 | D        | Killed a black mamba
   927 | D        | Received a gift from Trog
   927 | D        | Reached skill level 5 in Stealth
  1046 | D        | Noticed Grum
  1050 | D        | Reached skill level 10 in Dodging
  1055 | D        | Killed Grum
  1055 | D        | Received a gift from Trog
  1135 | D        | Received a gift from Trog
  1152 | D        | Received a gift from Trog
  1317 | D        | Noticed an orc high priest
  1326 | D        | Killed an orc high priest
  1326 | D        | Reached XP level 11. HP: 115/115 MP: 10/10
  1330 | D        | Received a gift from Trog
  1334 | D        | Noticed an orc knight
  1343 | D        | Killed an orc knight
  1469 | D        | Found Toang's Distillery.
  1469 | D        | Noticed an orc high priest
  1469 | D        | Noticed an orc high priest
  1469 | D        | Noticed an orc high priest
  1469 | D        | Noticed an orc high priest
  1478 | D        | Killed an orc high priest
  1478 | D        | Received a gift from Trog
  1479 | D        | Found Soarhen's Book Shoppe.
  1482 | D        | Killed an orc high priest
  1485 | D        | Found Bihynom's Book Emporium.
  1489 | D        | Killed an orc high priest
  1491 | D        | Killed an orc high priest
  1493 | D        | Found Ruyzikh's Book Shoppe.
  1497 | D        | Received a gift from Trog
  1503 | D        | Noticed an orc high priest
  1511 | D        | Killed an orc high priest
  1755 | D        | Bought a potion of curing for 30 gold pieces
  1755 | D        | Bought a potion of berserk rage for 50 gold pieces
  1755 | D        | Bought a potion of curing for 30 gold pieces
  1755 | D        | Bought a potion of invisibility for 80 gold pieces
  1755 | D        | Bought a potion of curing for 30 gold pieces
  1755 | D        | Bought a potion of curing for 30 gold pieces
  1755 | D        | Bought a potion of mutation for 80 gold pieces
  1755 | D        | Bought 2 potions of mutation for 160 gold pieces
  1755 | D        | Gained mutation: You are agile. (Dex +2) [potion of
                  | mutation]
  1755 | D        | Gained mutation: You are robust. (+10% HP) [potion of
                  | mutation]
  1755 | D        | Gained mutation: You are weak. (Str -2) [potion of
                  | mutation]
  1755 | D        | Gained mutation: You expend magic power (3 MP) to
                  | strengthen your wands. [potion of mutation]
  1756 | D        | Lost mutation: You are agile. (Dex +2) [potion of mutation]
  1756 | D        | Lost mutation: You are robust. (+10% HP) [potion of
                  | mutation]
  1756 | D        | Lost mutation: You are weak. (Str -2) [potion of mutation]
  1756 | D        | Lost mutation: You expend magic power (3 MP) to strengthen
                  | your wands. [potion of mutation]
  1756 | D        | Gained mutation: Your body sometimes deteriorates upon
                  | taking damage. [potion of mutation]
  1756 | D        | Gained mutation: Your flesh is cold resistant. (rC+)
                  | [potion of mutation]
  1757 | D        | Lost mutation: Your flesh is cold resistant. (rC+) [potion
                  | of mutation]
  1757 | D        | Lost mutation: Your body sometimes deteriorates upon taking
                  | damage. [potion of mutation]
  1757 | D        | Gained mutation: You expend magic power (3 MP) to
                  | strengthen your wands. [potion of mutation]
  1757 | D        | Gained mutation: You are robust. (+10% HP) [potion of
                  | mutation]
  1801 | D        | Bought a manual of Fighting for 1214 gold pieces
  1965 | D        | Noticed an orc knight
  1965 | D        | Noticed a cyan ugly thing
  1965 | D        | Noticed a fire dragon
  1965 | D        | Noticed a deep elf mage
  1973 | D        | Killed an orc knight
  1974 | D        | Noticed a frost giant
  1977 | D        | Noticed a stone giant
  1980 | D        | Killed a cyan ugly thing
  1980 | D        | Received a gift from Trog
  1984 | D        | Killed a fire dragon
  1986 | D        | Killed a deep elf mage
  1987 | D        | Noticed a fire dragon
  1990 | D        | Noticed a stone giant
  1991 | D        | Noticed a deep troll earth mage
  1994 | D        | Noticed a great orb of eyes
  2000 | D        | Noticed an ettin
  2002 | D        | Killed a frost giant
  2002 | D        | Received a gift from Trog
  2002 | D        | Reached XP level 12. HP: 46/147 MP: 11/11
  2081 | D        | Killed a stone giant
  2436 | D        | Killed a fire dragon
  2443 | D        | Killed a stone giant
  2462 | D        | Killed a deep troll earth mage
  2462 | D        | Received a gift from Trog
  2470 | D        | Killed a great orb of eyes
  2567 | D        | Killed an ettin
  2592 | D        | Got an ancient battleaxe {god gift}
  2593 | D        | Identified the +2 battleaxe of Satyriasis {vorpal, rPois}
                  | (Trog gifted it to you in the Dungeon)
  2944 | D        | Noticed Saint Roka
  2959 | D        | Killed Saint Roka
  2959 | D        | Reached skill level 1 in Evocations
  2968 | D        | Received a gift from Trog
  3072 | D        | Noticed a merfolk avatar
  3072 | D        | Noticed a merfolk aquamancer
  3081 | D        | Killed a merfolk aquamancer
  3091 | D        | Killed a merfolk avatar
  3091 | D        | Received a gift from Trog
  3091 | D        | Reached XP level 13. HP: 140/162 MP: 12/12
  3108 | D        | Got a masterwork battleaxe {god gift}
  3109 | D        | Identified the +0 battleaxe of Negeam {flame, rElec Dex+2}
                  | (Trog gifted it to you in the Dungeon)
  3236 | D        | Received a gift from Trog
  3236 | D        | Reached skill level 15 in Armour
  3249 | D        | Received a gift from Trog
  3438 | D        | Noticed a thorn hunter
  3447 | D        | Noticed a thorn hunter
  3455 | D        | Killed a thorn hunter
  3455 | D        | Received a gift from Trog
  3468 | D        | Killed a thorn hunter
  3680 | D        | Received a gift from Trog
  3703 | D        | Received a gift from Trog
  3772 | D        | Noticed Nessos
  3774 | D        | Noticed Donald
  3782 | D        | Killed Nessos
  3787 | D        | Killed Donald
  3995 | D        | Noticed a stone giant
  4000 | D        | Killed a stone giant
  4002 | D        | Reached XP level 14. HP: 182/182 MP: 13/13
  4009 | D        | Received a gift from Trog
  4012 | D        | Noticed a fire giant
  4018 | D        | Reached skill level 27 in Fighting
  4028 | D        | Killed a fire giant
  4061 | D        | Received a gift from Trog
  4273 | D        | Received a gift from Trog
  4549 | D        | Noticed a vault warden
  4556 | D        | Killed a vault warden
  4558 | D        | Noticed an ironheart preserver
  4561 | D        | Noticed an ironheart preserver
  4566 | D        | Received a gift from Trog
  4572 | D        | Killed an ironheart preserver
  4581 | D        | Killed an ironheart preserver
  4581 | D        | Received a gift from Trog
  4581 | D        | Reached skill level 27 in Axes
  4592 | D        | Noticed an ironheart preserver
  4605 | D        | Received a gift from Trog
  4608 | D        | Killed an ironheart preserver
  4998 | D        | Received a gift from Trog
  5188 | D        | Lost mutation: You are robust. (+10% HP) [potion of
                  | mutation]
  5188 | D        | Lost mutation: You expend magic power (3 MP) to strengthen
                  | your wands. [potion of mutation]
  5188 | D        | Gained mutation: You are resistant to hostile enchantments.
                  | (MR+) [potion of mutation]
  5188 | D        | Gained mutation: Your muscles are strong. (Str +2) [potion
                  | of mutation]
  5247 | D        | Noticed Azrael
  5256 | D        | Killed Azrael
  5263 | D        | Received a gift from Trog
  5314 | D        | Noticed Mennas
  5326 | D        | Killed Mennas
  5326 | D        | Reached XP level 15. HP: 101/174 MP: 14/14
  5423 | D        | Noticed Mara
  5436 | D        | Killed Mara
  5493 | D        | Received a gift from Trog
  5513 | D        | Killed a ghost moth
  5513 | D        | Reached skill level 27 in Armour
  5525 | D        | Received a gift from Trog
  5543 | D        | Reached skill level 15 in Dodging
  5550 | D        | Reached skill level 5 in Evocations
  5554 | D        | Killed a ghost moth
  5558 | D        | Got a gossamer rune of Zot
  5661 | D        | Noticed a nagaraja
  5662 | D        | Noticed a nagaraja
  5671 | D        | Noticed a nagaraja
  5672 | D        | Killed a nagaraja
  5673 | D        | Noticed a nagaraja
  5679 | D        | Killed a nagaraja
  5679 | D        | Received a gift from Trog
  5680 | D        | Noticed a nagaraja
  5686 | D        | Killed a nagaraja
  5686 | D        | Received a gift from Trog
  5688 | D        | Killed a nagaraja
  5698 | D        | Received a gift from Trog
  5705 | D        | Killed a nagaraja
  5708 | D        | Got a serpentine rune of Zot
  5773 | D        | Noticed Ilsuiw
  5782 | D        | Received a gift from Trog
  5789 | D        | Killed Ilsuiw
  5794 | D        | Received a gift from Trog
  5808 | D        | Received a gift from Trog
  5808 | D        | Reached XP level 16. HP: 166/183 MP: 15/15
  5837 | D        | Got a barnacled rune of Zot
  5999 | D        | Received a gift from Trog
  6019 | D        | Reached skill level 10 in Evocations
  6024 | D        | Received a gift from Trog
  6033 | D        | Got a decaying rune of Zot
  6096 | D        | Noticed Louise
  6103 | D        | Killed Louise
  6121 | D        | Noticed Snorg
  6122 | D        | Noticed Xtahua
  6126 | D        | Killed Snorg
  6135 | D        | Killed Xtahua
  6222 | D        | Received a gift from Trog
  6252 | D        | Received a gift from Trog
  6286 | D        | Received a gift from Trog
  6303 | D        | Reached skill level 27 in Dodging
  6309 | D        | Received a gift from Trog
  6355 | D        | Got a shimmering battleaxe {god gift}
  6356 | D        | Identified the +6 battleaxe "Fausch" {vorpal, *Drain +Rage
                  | rElec rF-} (Trog gifted it to you in the Dungeon)
  6395 | D        | Received a gift from Trog
  6406 | D        | Received a gift from Trog
  6407 | D        | Noticed a shadow dragon
  6409 | D        | Reached skill level 15 in Evocations
  6417 | D        | Noticed a shadow dragon
  6433 | D        | Received a gift from Trog
  6436 | D        | Noticed a tentacled monstrosity
  6444 | D        | Killed a shadow dragon
  6449 | D        | Killed a tentacled monstrosity
  6449 | D        | Reached XP level 17. HP: 57/191 MP: 16/16
  6462 | D        | Received a gift from Trog
  6588 | D        | Got a twitching amber ring
  6627 | D        | Noticed a tentacled monstrosity
  6627 | D        | Noticed a quicksilver dragon
  6627 | D        | Noticed a tentacled monstrosity
  6637 | D        | Killed a tentacled monstrosity
  6643 | D        | Reached skill level 10 in Throwing
  6649 | D        | Killed a tentacled monstrosity
  6649 | D        | Received a gift from Trog
  6677 | D        | Killed a quicksilver dragon
  6680 | D        | Identified the Guide on Fetching Dislocation
  6683 | D        | Got a fine pewter ring
  6685 | D        | Got a silver rune of Zot
  6704 | D        | Got a transparent arbalest
  6705 | D        | Identified the +6 arbalest "Mater" {vorpal, rElec Int+6}
                  | (You found it in the Dungeon)
  6764 | D        | Noticed Rupert
  6770 | D        | Killed Rupert
  6770 | D        | Received a gift from Trog
  6791 | D        | Noticed Margery
  6806 | D        | Killed Margery
  6806 | D        | Received a gift from Trog
  6819 | D        | Received a gift from Trog
  6819 | D        | Reached skill level 15 in Throwing
  6923 | D        | Got the ring of the Jester {Str-3 Int+2 Dex+3 Stlth+}
  6925 | D        | Got the ring "Ocwaos" {rC+++ Str+3 Dex-4}
  6927 | D        | Got the amulet "Detuff" {RegenMP +Blink rPois rF+++ Str-3}
  6929 | D        | Got the ring "Doyniagivy" {rC+++ rN+ Int-3 Dex+3 Stlth+}
  6931 | D        | Got the amulet "Vemoroq" {Regen+ Str+3}
  6933 | D        | Identified the ring of the Sun {rElec rN+} (You found it in
                  | the Dungeon)
  6935 | D        | Identified the ring "Nysah" {*Corrode rN+ MP+9 Stlth+} (You
                  | found it in the Dungeon)
  7062 | D        | Got the +5 broad axe "Lorediv" {venom, rPois Str+5 Int-2}
  7203 | D        | Noticed a lich
  7231 | D        | Killed a lich
  7231 | D        | Received a gift from Trog
  7301 | D        | Noticed a bone dragon
  7301 | D        | Noticed a bone dragon
  7310 | D        | Killed a bone dragon
  7315 | D        | Received a gift from Trog
  7320 | D        | Killed a bone dragon
  7330 | D        | Noticed a golden dragon
  7344 | D        | Received a gift from Trog
  7358 | D        | Killed a golden dragon
  7524 | D        | Noticed a tentacled monstrosity
  7524 | D        | Noticed a golden dragon
  7528 | D        | Killed a tentacled monstrosity
  7528 | D        | Received a gift from Trog
  7528 | D        | Reached XP level 18. HP: 186/200 MP: 17/17
  7535 | D        | Killed a golden dragon
  7563 | D        | Received a gift from Trog
  7572 | D        | Received a gift from Trog
  7590 | D        | Got a shimmering executioner's axe {god gift}
  7591 | D        | Identified the +10 executioner's axe of Dim Light {vorpal,
                  | rN+ Dex+2} (Trog gifted it to you in the Dungeon)
  7712 | D        | Noticed a golden dragon
  7712 | D        | Noticed a tentacled monstrosity
  7712 | D        | Noticed a golden dragon
  7713 | D        | Killed a tentacled monstrosity
  7721 | D        | Killed a golden dragon
  7724 | D        | Received a gift from Trog
  7727 | D        | Noticed a golden dragon
  7731 | D        | Killed a golden dragon
  7748 | D        | Killed a golden dragon
  7748 | D        | Reached skill level 27 in Throwing
  7813 | D        | Noticed a tentacled monstrosity
  7815 | D        | Received a gift from Trog
  7828 | D        | Killed a tentacled monstrosity
  7828 | D        | Received a gift from Trog
  7953 | D        | Noticed an Orb Guardian
  7953 | D        | Noticed an Orb Guardian
  7953 | D        | Noticed an Orb Guardian
  7953 | D        | Noticed an Orb Guardian
  7953 | D        | Noticed an Orb Guardian
  7953 | D        | Noticed an Orb Guardian
  7955 | D        | Noticed an Orb Guardian
  7958 | D        | Killed an Orb Guardian
  7960 | D        | Killed an Orb Guardian
  7964 | D        | Killed an Orb Guardian
  7969 | D        | Killed an Orb Guardian
  7973 | D        | Killed an Orb Guardian
  7976 | D        | Killed an Orb Guardian
  7977 | D        | Killed an Orb Guardian
  7977 | D        | Received a gift from Trog
  7979 | D        | Noticed an Orb Guardian
  7980 | D        | Noticed an Orb Guardian
  7981 | D        | Noticed an Orb Guardian
  7986 | D        | Killed an Orb Guardian
  7986 | D        | Reached skill level 27 in Evocations
  7989 | D        | Killed an Orb Guardian
  7989 | D        | Reached skill level 1 in Spellcasting
  7994 | D        | Killed an Orb Guardian
  7994 | D        | Reached XP level 19. HP: 191/207 MP: 17/20
  8016 | D        | Reached skill level 5 in Maces & Flails
  8016 | D        | Reached skill level 5 in Polearms
  8016 | D        | Reached skill level 5 in Shields
  8018 | D        | Reached skill level 5 in Unarmed Combat
  8021 | D        | Received a gift from Trog
  8135 | D        | Noticed an ancient lich
  8139 | D        | Killed an ancient lich
  8139 | D        | Reached skill level 10 in Maces & Flails
  8139 | D        | Reached skill level 10 in Polearms
  8139 | D        | Reached skill level 10 in Stealth
  8139 | D        | Reached skill level 10 in Shields
  8147 | D        | Noticed an orb of fire
  8151 | D        | Gained mutation: Scrolls take you a little longer to read.
                  | [an orb of fire]
  8160 | D        | Killed an orb of fire
  8215 | D        | Noticed an electric golem
  8222 | D        | Killed an electric golem
  8225 | D        | Noticed an orb of fire
  8225 | D        | Noticed an ancient lich
  8225 | D        | Noticed a golden dragon
  8225 | D        | Noticed an ancient lich
  8225 | D        | Noticed an ancient lich
  8227 | D        | Killed an orb of fire
  8227 | D        | Received a gift from Trog
  8228 | D        | Killed a golden dragon
  8228 | D        | Reached skill level 15 in Maces & Flails
  8228 | D        | Reached skill level 15 in Polearms
  8229 | D        | Noticed an orb of fire
  8231 | D        | Killed an ancient lich
  8231 | D        | Reached skill level 15 in Shields
  8232 | D        | Killed an ancient lich
  8232 | D        | Received a gift from Trog
  8233 | D        | Killed an orb of fire
  8234 | D        | Killed an ancient lich
  8234 | D        | Received a gift from Trog
  8235 | D        | Noticed an ancient lich
  8236 | D        | Noticed an electric golem
  8244 | D        | Killed an electric golem
  8245 | D        | Noticed an ancient lich
  8247 | D        | Killed an ancient lich
  8247 | D        | Reached XP level 20. HP: 163/216 MP: 21/21
  8257 | D        | Killed an ancient lich
  8257 | D        | Received a gift from Trog
  8484 | D        | Received a gift from Trog
  8513 | D        | Received a gift from Trog
  8670 | D        | Received a gift from Trog
  8681 | D        | Noticed an ancient lich
  8689 | D        | Received a gift from Trog
  8697 | D        | Killed an ancient lich
  8697 | D        | Paralysed by something for 5 turns
  8836 | D        | Received a gift from Trog
  8973 | D        | Received a gift from Trog
  9002 | D        | Received a gift from Trog
  9041 | D        | Received a gift from Trog
  9049 | D        | Got an elven rune of Zot
  9140 | D        | Received a gift from Trog
  9142 | D        | Reached skill level 27 in Shields
  9149 | D        | Noticed the Royal Jelly
  9151 | D        | Killed the Royal Jelly
  9151 | D        | Reached skill level 27 in Maces & Flails
  9151 | D        | Reached skill level 27 in Polearms
  9151 | D        | Reached XP level 21. HP: 192/224 MP: 22/22
  9164 | D        | Received a gift from Trog
  9181 | D        | Received a gift from Trog
  9194 | D        | Got a slimy rune of Zot
  9202 | D        | Got a twisted broad axe {god gift}
  9203 | D        | Identified the +3 broad axe of Ruhaid {flame, *Drain Int+4}
                  | (Trog gifted it to you in the Dungeon)
  9588 | D        | Received a gift from Trog
  9601 | D        | Received a gift from Trog
  9615 | D        | Received a gift from Trog
  9682 | D        | Received a gift from Trog
  9839 | D        | Received a gift from Trog
  9942 | D        | Noticed a greater mummy
  9942 | D        | Noticed a greater mummy
  9942 | D        | Noticed a greater mummy
  9942 | D        | Noticed a greater mummy
  9947 | D        | Killed a greater mummy
  9947 | D        | Received a gift from Trog
  9948 | D        | Noticed a greater mummy
  9954 | D        | Killed a greater mummy
  9958 | D        | Killed a greater mummy
  9958 | D        | Received a gift from Trog
  9959 | D        | Killed a greater mummy
  9959 | D        | Reached skill level 27 in Stealth
  9970 | D        | Killed a greater mummy
  9970 | D        | Reached skill level 15 in Unarmed Combat
 10212 | D        | Got a golden rune of Zot
 10220 | D        | Received a gift from Trog
 10228 | D        | Received a gift from Trog
 10242 | D        | Got an abyssal rune of Zot
 10379 | D        | Noticed Geryon
 10388 | D        | Killed Geryon
 10388 | D        | Reached skill level 5 in Short Blades
 10391 | D        | Noticed Ereshkigal
 10391 | D        | Identified the +4 staff of Dispater
 10391 | D        | Noticed Dispater
 10391 | D        | Identified the +6 sword of Cerebov {flame}
 10391 | D        | Noticed Cerebov
 10395 | D        | Identified the +7 sceptre of Asmodeus
 10395 | D        | Noticed Asmodeus
 10423 | D        | Killed Ereshkigal
 10423 | D        | Reached skill level 10 in Short Blades
 10435 | D        | Killed Dispater
 10435 | D        | Received a gift from Trog
 10435 | D        | Reached XP level 22. HP: 150/233 MP: 23/23
 10457 | D        | Killed Cerebov
 11038 | D        | Got a bone rune of Zot
 11042 | D        | Got an iron rune of Zot
 11044 | D        | Noticed Mnoleg
 11047 | D        | Noticed Antaeus
 11066 | D        | Killed Asmodeus
 11097 | D        | Killed Mnoleg
 11112 | D        | Killed Antaeus
 11134 | D        | Got a fiery rune of Zot
 11510 | D        | Got an obsidian rune of Zot
 11512 | D        | Noticed Gloorx Vloq
 11514 | D        | Noticed Lom Lobon
 11534 | D        | Killed Gloorx Vloq
 11534 | D        | Reached skill level 27 in Unarmed Combat
 11534 | D        | HP: 8/232 [something (5)]
 11963 | D        | Killed Lom Lobon
 11973 | D        | Got a glowing rune of Zot
 11978 | D        | Got an icy rune of Zot
 11982 | D        | Got a dark rune of Zot
 11986 | D        | Got a magical rune of Zot
 12415 | D        | Got the Orb of Zot
 12465 | D        | Received a gift from Trog
 12647 | D        | Noticed Wyleiq Tosch the pandemonium lord
 12660 | D        | Killed Wyleiq Tosch the pandemonium lord
 12825 | D        | Reached skill level 27 in Short Blades
 13097 | D        | Received a gift from Trog
 13269 | D        | Received a gift from Trog
 13481 | D        | Received a gift from Trog
 14008 | D        | Received a gift from Trog
 14018 | D        | Reached XP level 23. HP: 198/240 MP: 24/24
 14094 | D        | Noticed a seraph
 14110 | D        | Killed a seraph
 14110 | D        | Received a gift from Trog
 14176 | D        | Received a gift from Trog
 14659 | D        | Received a gift from Trog
 14859 | D        | Received a gift from Trog
 14939 | D        | Received a gift from Trog
 15241 | D        | Noticed Nusoik the pandemonium lord
 15255 | D        | Killed Nusoik the pandemonium lord
 15255 | D        | Received a gift from Trog
 15309 | D        | Received a gift from Trog
 15523 | D        | Received a gift from Trog
 15724 | D        | Received a gift from Trog
 15874 | D        | Received a gift from Trog
 16014 | D        | Noticed a seraph
 16033 | D        | Killed a seraph
 16033 | D        | Received a gift from Trog
 16185 | D        | Noticed Emior the pandemonium lord
 16200 | D        | Killed Emior the pandemonium lord
 16200 | D        | Received a gift from Trog
 16215 | D        | Escaped with the Orb!

Illustrated notes

Levels and vault maps discovered:
D:        linesprint [early_d, line_temple, items_1, d_10, items_2, lair_1,
          lair_end, items_3, orc_1, orc_end, items_4, d_15, swamp_1, shoals_1,
          snake_1, spider_1, d_20, vaults_1, items_5, swamp_end, shoals_end,
          snake_end, spider_end, vaults_end, d_27, items_6, zot_1, zot_end,
          crypt_end, forest_end, elf_end, slime_end, tomb_end, abyss_end,
          pan_hell_end]

Skill      XL: |  1  2  3  4  5  6  7  8  9 10 11 12 13 14 15 16 17 18 19 20 21 22 |
---------------+-------------------------------------------------------------------+-----
Fighting       | 5 6 11 12 13 14 16 20 23 26 27 | 27.0
Axes           | 5 7 12 14 15 17 19 22 23 25 27 | 27.0
Armour         | 3 6 7 8 9 11 12 14 17 24 27 | 27.0
Dodging        | 3 6 7 8 9 10 11 13 21 27 | 27.0
Stealth        | 1 2 4 5 6 7 11 16 27 | 27.0
Evocations     | 1 2 8 17 21 27 | 27.0
Throwing       | 6 21 27 | 27.0
Maces & Flails | 4 20 27 | 27.0
Polearms       | 4 20 27 | 27.0
Shields        | 4 19 27 | 27.0
Unarmed Combat | 3 11 21 27 | 27.0
Spellcasting   | 1 |  1.5
Short Blades   | 13 27 | 27.0

Action                   |  1- 3 |  4- 6 |  7- 9 | 10-12 | 13-15 | 16-18 | 19-21 | 22-24 || total
-------------------------+-------+-------+-------+-------+-------+-------+-------+-------++-------
Melee: Hand axe          |    23 |       |       |       |       |       |       |       ||    23
       Headbutt          |     4 |       |    11 |    49 |    87 |   142 |    86 |   154 ||   533
       Broad axe         |       |     4 |    23 |       |       |       |    68 |     1 ||    96
       Battleaxe         |       |       |    21 |   219 |   198 |       |       |       ||   438
       Executioner's axe |       |       |       |       |   166 |   503 |   197 |   497 ||  1363
       Trishula          |       |       |       |       |       |       |    55 |       ||    55
       Punch             |       |       |       |       |       |       |     2 |     2 ||     4
       Eveningstar       |       |       |       |       |       |       |       |    20 ||    20
Throw: Javelin           |       |       |       |       |       |    18 |    58 |    26 ||   102
Invok: Berserk           |     1 |     1 |     3 |     5 |    11 |     6 |     5 |    10 ||    42
       Brothers in Arms  |       |       |       |     1 |     4 |     1 |       |     2 ||     8
       Trog's Hand       |       |       |       |       |     1 |       |     1 |     2 ||     4
Evoke: Wand              |       |       |       |     1 |     1 |       |       |       ||     2
  Use: Potion            |     3 |     1 |     1 |     4 |     3 |     1 |     4 |    15 ||    32
       Scroll            |       |       |       |     2 |     1 |     9 |       |     3 ||    15
 Stab: Invisible         |       |       |     3 |       |       |       |       |       ||     3
       Sleeping          |       |       |       |     1 |       |       |     1 |       ||     2
       Distracted        |       |       |       |       |       |       |       |     2 ||     2
Armor: Animal skin       |     4 |       |       |       |       |       |       |       ||     4
       Scale mail        |       |       |     9 |    16 |       |       |       |       ||    25
       Shadow dragon sca |       |       |       |    16 |       |       |       |       ||    16
       Plate armour      |       |       |       |     3 |   216 |   120 |       |       ||   339
       Gold dragon scale |       |       |       |       |       |   108 |   124 |   246 ||   478
Dodge: Dodged            |    11 |     4 |    31 |    75 |   215 |   302 |   145 |   335 ||  1118
Block: Tower shield      |       |       |       |       |       |       |    62 |       ||    62

Table legend: (Time is in decaauts) A = Elapsed time spent in this place. B = Non-inter-level travel time spent in this place. C = Inter-level travel time spent in this place. D = Time resting spent in this place. E = Time spent auto-exploring this place. F = Levels seen in this place. G = Mean time per level. A B C D E F G +--------+--------+--------+--------+--------+-----+--------+ Total | 15873 | 14804 | 1069 | 7839 | 1727 | 1 | 15873.0 | Dungeon | 15873 | 14804 | 1069 | 7839 | 1727 | 1 | 15873.0 | +--------+--------+--------+--------+--------+-----+--------+

Top non-repeatable levels by time:
       D: 15873 daAuts
